 Dungeon Crawl Stone Soup version 0.26-a0-54-g15ccc7ae60 (webtiles) character file.

Game seed: 11435234081689124056

1483 Ozzies the Fighter (level 8, -6/77 (79) HPs)
             Began as a Minotaur Fighter on June 7, 2020.
             Was an Initiate of Makhleb.
             Mangled by an ogre
             ... wielding a +0 giant spiked club
              (21 damage)
             ... on level 6 of the Dungeon.
             The game lasted 00:11:41 (4588 turns).

Ozzies the Fighter (Minotaur Fighter)               Turns: 4588, Time: 00:11:42

HP:   -6/77 (79)    AC: 12    Str: 22    XL:     8   Next: 50%
MP:   7/7           EV:  9    Int:  5    God:    Makhleb [......]
Gold: 78            SH: 10    Dex: 11    Spells: 7/7 levels left

rFire    . . .     SeeInvis .   a - +0 war axe
rCold    . . .     Gourm    .   c - +0 kite shield
rNeg     . . .     Faith    .   b - +0 scale mail
rPois    .         Spirit   .   (helmet restricted)
rElec    .         Reflect  .   (no cloak)
rCorr    .         Harm     .   v - +0 pair of gloves
MR       .....                  (no boots)
Stlth    ..........             (no amulet)
HPRegen  0.22/turn              e - ring of attention (curse)
MPRegen  0.10/turn              o - +4 ring of protection

@: no status effects
A: retaliatory headbutt, horns 2
a: Renounce Religion


You were on level 6 of the Dungeon.
You worshipped Makhleb.
Makhleb was noncommittal.
You were not hungry.

You visited 2 branches of the dungeon, and saw 7 of its levels.

You collected 267 gold pieces.
You spent 189 gold pieces at shops.

Inventory:

Hand Weapons
 a - a +0 war axe (weapon)
 u - a +1 trident of protection
 H - a +0 morningstar of protection
Armour
 b - a +0 scale mail (worn)
 c - a +0 kite shield (worn)
 p - a +0 pair of gloves
 v - a +0 pair of gloves (worn)
 B - a +0 kite shield
Jewellery
 e - a cursed ring of attention (left hand)
 o - a +4 ring of protection (right hand)
 F - an uncursed ring of protection from fire {unknown}
Scrolls
 g - a scroll of magic mapping {unknown}
 j - 7 scrolls of teleportation {unknown}
 k - 11 scrolls of identify
 l - 2 scrolls of amnesia {unknown}
 m - 2 scrolls of immolation {unknown}
 n - a scroll of fog {unknown}
 t - 2 scrolls of blinking {unknown}
 x - 2 scrolls of fear {unknown}
 y - 2 scrolls of enchant armour {unknown}
 z - a scroll of random uselessness {unknown}
Potions
 d - 2 potions of might
 h - 2 potions of magic
 i - a potion of lignification {unknown}
 q - a potion of cancellation {unknown}
 r - a potion of flight {unknown}
 s - a potion of curing {unknown}
 w - 4 potions of haste
 A - a potion of mutation {unknown}
 C - a potion of berserk rage {unknown}
 D - a potion of stabbing {unknown}
 E - a potion of resistance {unknown}
 G - a potion of degeneration {unknown}
 I - a potion of invisibility {unknown}
Comestibles
 f - 14 rations
 J - 5 chunks of flesh


   Skills:
 * Level 9.9 Fighting
 + Level 6.7 Axes
 - Level 5.0 Armour
 - Level 3.0 Dodging
 - Level 5.0 Shields


You had 7 spell levels left.
You didn't know any spells.
Your spell library was empty.

Dungeon Overview and Level Annotations

Branches:
Dungeon (6/15)             Temple (1/1) D:4

Altars:
Ashenzari
Cheibriados
Dithmenos
Elyvilon
Fedhas
Gozag
Hepliaklqana
Makhleb
Nemelex Xobeh
Okawaru
Qazlal
Ru
Sif Muna
Trog
Vehumet
Wu Jian
Yredelemnul
Zin
The Shining One

Shops:
D:5 (


Innate Abilities, Weirdness & Mutations

You reflexively headbutt those who attack you in melee.
You have a pair of horns on your head.


Message History

The ogre hits you with a +0 giant spiked club.
The crimson imp hits you but does no damage.
You hit the ogre but do no damage.
You headbutt the ogre, but do no damage.
The ogre is severely wounded.
You hit the crimson imp. You block the ogre's attack.
You block the crimson imp's attack.
You hit the ogre.
The ogre is severely wounded.
You closely miss the crimson imp. The crimson imp closely misses you.
The ogre hits you with a +0 giant spiked club!
* * * LOW HITPOINT WARNING * * *
The crimson imp blinks!
You hit the ogre but do no damage.
The ogre is severely wounded.
The ogre misses you.
You hit the ogre.
The ogre is almost dead.
The ogre hits you with a +0 giant spiked club!!
You die...

#....#
#....#
###.###
#...# #.###
#.# #.###
#...# #.#@#
#.#O§.#
#.#.....#
#..<......#
#.#.......#
#.######...
#. .5# ..


You could see an ogre and a crimson imp.

Vanquished Creatures
  Sigmund (D:2)
  An orc warrior (D:6)
  2 ice beasts (D:5)
  A necrophage (D:4)
  A black bear (D:6)
  An ogre (D:5)
  A centaur (D:5)
  A bullfrog (D:4)
  A scorpion (D:2)
  A howler monkey (D:5)
  A hound (D:5)
  3 orc priests
  3 orc wizards
  Terence (D:2)
  3 worker ants
  Robin (D:2)
  11 adders
  An ooze (D:2)
  An adder skeleton (D:4)
  3 worms
  3 dart slugs
  2 leopard geckos (D:3)
  19 orcs
  6 bats
  6 giant cockroaches
  8 hobgoblins
  12 jackals
  10 kobolds
  2 quokkas
  7 frilled lizards
  21 goblins
  A quokka skeleton (D:6)
  7 rats
  A butterfly (D:4)
144 creatures vanquished.

Notes
Turn   | Place    | Note
-------+----------+-------------------------------------------
     0 | D:1      | Ozzies the Minotaur Fighter began the quest for the Orb.
     0 | D:1      | Reached XP level 1. HP: 19/19 MP: 0/0
    35 | D:1      | Reached XP level 2. HP: 23/27 MP: 1/1
   250 | D:1      | Reached skill level 4 in Fighting
   584 | D:2      | Noticed Sigmund
   598 | D:2      | Killed Sigmund
   598 | D:2      | Reached skill level 5 in Fighting
   598 | D:2      | Reached skill level 1 in Dodging
   598 | D:2      | Reached XP level 3. HP: 26/36 MP: 2/2
   598 | D:2      | Reached XP level 4. HP: 30/42 MP: 3/3
   598 | D:2      | Reached XP level 5. HP: 34/48 MP: 4/4
   831 | D:2      | Reached XP level 6. HP: 56/56 MP: 5/5
   846 | D:2      | Noticed Robin
   846 | D:2      | Noticed Terence
   849 | D:2      | Killed Robin
   868 | D:2      | Killed Terence
  1299 | D:2      | Found a shadowy altar of Dithmenos.
  1304 | D:2      | Found a sparkling altar of Nemelex Xobeh.
  1444 | D:3      | Reached skill level 6 in Fighting
  1444 | D:3      | Reached skill level 5 in Shields
  1517 | D:3      | Reached skill level 5 in Armour
  2192 | D:4      | Found a shattered altar of Ashenzari.
  2336 | D:4      | Reached XP level 7. HP: 58/62 MP: 6/6
  2366 | D:4      | Reached skill level 7 in Fighting
  2600 | D:4      | Found a staircase to the Ecumenical Temple.
  2610 | Temple   | Entered the Ecumenical Temple
  2825 | Temple   | Became a worshipper of Makhleb the Destroyer
  3191 | D:5      | Entered Level 5 of the Dungeon
  3239 | D:5      | Reached skill level 5 in Axes
  3369 | D:5      | Reached skill level 8 in Fighting
  3526 | D:5      | Reached XP level 8. HP: 46/73 MP: 7/7
  3774 | D:5      | Found Kylo's Antique Weapon Boutique.
  3793 | D:5      | Bought a runed morningstar for 189 gold pieces
  3867 | D:5      | Reached skill level 9 in Fighting
  3948 | D:5      | Found a white marble altar of Elyvilon.
  4588 | D:6      | Mangled by an ogre

Illustrated notes

Levels and vault maps discovered:
D:1:      shiori_arrival_oz, layout_basic, hex_tiny
D:2:      kennysheep_six_static_rooms, layout_rooms,
          chequers_temple_overflow_statue_of_worship, first_ration, uniq_robin,
          uniq_terence, uniq_sigmund
D:3:      layout_basic, minmay_cut_off
D:4:      wad_crossroads, layout_basic, overflow_temple_1_default,
          minmay_temple_entry_butterflies
D:5:      layout_gridville, lemuel_doored_altar, serial_shops, shop,
          chequers_big_river, bh_chokoban, minmay_strange_pillars
D:6:      layout_basic
Temple:   regret_index_temple_waves

Skill      XL: |  1  2  3  4  5  6  7  8 |
---------------+-------------------------+-----
Fighting       | 5 6 8 9 |  9.9
Armour         | 4 5 |  5.0
Axes           | 3 4 5 6 |  6.7
Dodging        | 1 2 3 |  3.0
Shields        | 4 5 |  5.0

Action                   |  1- 3 |  4- 6 |  7- 9 || total
-------------------------+-------+-------+-------++-------
Melee: War axe           |    53 |   172 |    99 ||   324
       Headbutt          |     6 |    24 |    17 ||    47
  Use: Scroll            |     1 |       |       ||     1
  Eat: Chunk             |       |     4 |     8 ||    12
Armor: Scale mail        |    30 |    88 |    37 ||   155
Dodge: Dodged            |    22 |    61 |    49 ||   132
Block: Kite shield       |    34 |   108 |    48 ||   190

Table legend:
 A = Non-vault XP
 B = Vault XP
 C = Vault XP percentage of total XP
 D = Non-vault monster count
 E = Vault monster count
 F = Vault count percentage of total count
                 A         B        C        D         E       F
            +---------+---------+-------+---------+---------+-------
      Total |    1771 |     348 |  16.4 |     116 |      27 |  18.9
            +---------+---------+-------+---------+---------+-------
        D:1 |      34 |       2 |   5.6 |      22 |       1 |   4.3
        D:2 |     137 |     303 |  68.9 |      22 |      19 |  46.3
        D:3 |     216 |      24 |  10.0 |      30 |       4 |  11.8
        D:4 |     318 |      19 |   5.6 |      17 |       3 |  15.0
        D:5 |     771 |       0 |   0.0 |      18 |       0 |   0.0
        D:6 |     295 |       0 |   0.0 |       7 |       0 |   0.0
            +---------+---------+-------+---------+---------+-------
